[Event "*** Titled Tuesday Blitz"]
[Site "Chess.com"]
[Date "2019.02.05"]
[Round "3"]
[White "Kostya_Nikologorskiy"]
[Black "robbykevlishvili"]
[Result "0-1"]
[WhiteElo "2427"]
[BlackElo "2752"]
[TimeControl "180+2"]
[EndTime "13:37:46 PST"]
[Termination "robbykevlishvili won by resignation"]

1. d4 Nf6 2. c4 e6 3. g3 Bb4+ 4. Bd2 a5 5. Bg2 O-O 6. Nf3 d5 7. a3 Bxd2+ 8. Nbxd2 Nc6 9. O-O a4 10. Rc1 Bd7 11. Qc2 Qe7 12. Rfd1 Rfc8 13. e4 dxe4 14. Nxe4 Nxe4 15. Qxe4 Na5 16. Ne5 Re8 17. Rc3 Bc6 18.
Nxc6 Nxc6 19. d5 Na5 20. Re3 Qf6 21. Qd4 Qxd4 22. Rxd4 exd5 23. cxd5 Rxe3 24. fxe3 b5 25. d6 c6 26. e4 Rd8 27. e5 Kf8 28. Kf2 Re8 29.
Be4 g6 30. Kf3 f5 31. exf6 Kf7 32. Bc2 Rd8 33. h4 Kxf6 34. h5 Nc4 35. hxg6 hxg6 36. d7 Rxd7 37. Rf4+ Kg7 38. Bxa4 Nd2+ 39. Ke2 bxa4 40.
Rxa4 Nb3 41. Ra6 Rd2+ 42. Ke3 Rg2 43. Kf4 c5 44. g4 Kh6 45. Ra8 Rf2+ 46. Ke5 Rxb2 47.
a4 Kg5 48. a5 Re2+ 49. Kd5 Nxa5 50. Rxa5 Kxg4 51. Rxc5 g5 52. Kd4 Kh4 53. Kd3 Re8 54.
Rc7 g4 55. Rh7+ Kg3 56. Kd2 Kf2 57. Rf7+ Kg2 58. Kd1 g3 59. Rf6 Kg1 60. Rg6 g2 61. Rg7 Rh8 62. Ke2 Kh1 0-1

[Event "*** Titled Tuesday Blitz"]
[Site "Chess.com"]
[Date "2019.02.05"]
[Round "3"]
[White "dmosesov"]
[Black "psychokiller48"]
[Result "0-1"]
[WhiteElo "2353"]
[BlackElo "2605"]
[TimeControl "180+2"]
[EndTime "13:37:48 PST"]
[Termination "psychokiller48 won by resignation"]

1. e4 e5 2. Nf3 Nc6 3. Bc4 Bc5 4. c3 Nf6 5. d3 a6 6. O-O d6 7. d4 Ba7 8. dxe5 dxe5 9. Qxd8+ Nxd8 10. Nxe5 Nxe4 11. Nd2 Nd6 12. Bb3 Be6 13. Bxe6 Nxe6 14.
Ndc4 Nxc4 15. Nxc4 O-O-O 16. Be3 Bxe3 17. Nxe3 Rd2 18.
Nc4 Rd5 19. Ne3 Rd3 20. Rfd1 Rhd8 21. Rxd3 Rxd3 22. Kf1 Rd2 23. Nc4 Rc2 24. Rb1 Nf4 25. Ne3 Rd2 26. Nc4 Rd5 27. g3 Ne6 28. Ne3 Rd7 29.
Ke2 b5 30. Rd1 Rxd1 31. Kxd1 Kd7 32. Kd2 Kd6 33. Kd3 g6 34. f4 f5 35. b4 c5 36.
a3 c4+ 37. Ke2 Nc7 38. Kf3 h5 39. h3 Ne8 40. g4 fxg4+ 41. hxg4 Nf6 42. gxh5 gxh5 43.
Nf5+ Ke6 44. Nd4+ Kf7 45. f5 Nd5 46. Ne2 Kf6 47. Ke4 Ne7 48. Nd4 h4 49. Kf3 Nxf5 50.
Nc6 Ne7 51. Nb8 Nd5 52. Nxa6 Nxc3 53. Nc7 Ke7 54. Kg4 Kd7 55. Na6 Na4 56. Kxh4 Kc6 57. Kg3 Kb7 58. Nc5+ Nxc5 59. bxc5 c3 0-1

[Event "*** Titled Tuesday Blitz"]
[Site "Chess.com"]
[Date "2019.02.05"]
[Round "3"]
[White "TomasKapitanchuk"]
[Black "josmito10"]
[Result "0-1"]
[WhiteElo "2422"]
[BlackElo "2738"]
[TimeControl "180+2"]
[EndTime "13:37:56 PST"]
[Termination "josmito10 won by checkmate"]

1. e4 c5 2. Nf3 Nc6 3. Bb5 d6 4.
O-O Bd7 5. Re1 Nf6 6. c3 a6 7. Bc4 b5 8. Bf1 Bg4 9. d4 cxd4 10. cxd4 e5 11. Be3 Bxf3 12. gxf3 Be7 13. a4 b4 14. d5 Nb8 15. Qd2 a5 16. Bb5+ Nbd7 17.
Qe2 O-O 18. Nd2 Nh5 19. Nc4 Bg5 20. Kh1 Bxe3 21. fxe3 Nc5 22. Rg1 g6 23. Rg4 Kh8 24. Rag1 Qe7 25. Qg2 f5 26. exf5 Rxf5 27. Nd2 Raf8 28.
Rg5 Rxg5 29. Qxg5 Qxg5 30. Rxg5 Nf6 31. e4 Nh5 32. Rg1 Kg7 33. Rf1 Kh6 34. Nc4 Nxe4 35. Nxe5 Nd2 36. Rf2 Nb3 37. Nc4 Rf6 38. Bd7 Nf4 39. Rf1 Nxd5 40. Rd1 Nf4 41. Rxd6 Rxd6 42.
Nxd6 Nd3 43. Nb7 Nxb2 44. Bb5 Kg5 45. Kg2 Kf4 46. Kf2 Ke5 47. Ke3 Kd5 48. Kf4 Nc4 49. Kg5 Nd6 50. Nxd6 Kxd6 51. Bc4 Nc5 52. Kh6 Ke5 53.
Kxh7 Kf6 54. Kh6 Nxa4 55. h4 Nc3 56. Bd3 a4 57. Bxg6 a3 58. h5 a2 59. Kh7 a1=Q 60.
Be8 Qa7+ 61. Kg8 Qg7# 0-1

[Event "*** Titled Tuesday Blitz"]
[Site "Chess.com"]
[Date "2019.02.05"]
[Round "3"]
[White "Kumi29"]
[Black "Fins0905"]
[Result "1/2-1/2"]
[WhiteElo "2407"]
[BlackElo "2628"]
[TimeControl "180+2"]
[EndTime "13:37:58 PST"]
[Termination "Game drawn by stalemate"]

1. d4 d5 2. Bf4 c5 3. e3 cxd4 4.
exd4 Nc6 5. c3 Nf6 6. Bd3 Bg4 7. f3 Bh5 8. Ne2 e6 9. O-O Bd6 10. Nd2 Bg6 11. Bxg6 hxg6 12. Qe1 Bxf4 13. Nxf4 Qd6 14. Qg3 Ne7 15. Nd3 Nf5 16. Qxd6 Nxd6 17. Rfe1 O-O 18.
Kf2 Rfc8 19. Re2 Nd7 20. Rae1 b5 21. Nb3 Nb7 22. a3 a5 23. Ne5 Nxe5 24. Rxe5 b4 25. axb4 axb4 26. cxb4 Rc4 27. R5e2 Rxb4 28. Nc5 Nd6 29.
Rd1 Ra2 30. g4 Rbxb2 31. Rxb2 Rxb2+ 32. Kg3 Nb5 33. Ra1 Nxd4 34. Ra8+ Kh7 35. Nd7 g5 36. h4 Ne2+ 37. Kf2 gxh4 38. g5 Nf4+ 39. Ke3 Ng6 40. f4 h3 41. Ra1 Rb3+ 42. Kf2 Nxf4 43. Nf8+ Kg8 44. Ra8 g6 45. Nxg6+ Kg7 46. Nxf4 h2 47. Kg2 Rb2+ 48. Kh1 Rf2 49. Nh3 Rb2 50. Ra3 e5 51.
Rg3 d4 52. Rg2 Rxg2 53. Kxg2 d3 54. Nf2 d2 55. Kxh2 e4 56. Nd1 Kg6 57. Kg3 Kxg5 58. Kf2 Kf4 59. Ke2 f5 60. Kxd2 Kf3 61. Ne3 f4 62.
Nd5 e3+ 63. Ke1 Ke4 64. Nxf4 Kxf4 65. Ke2 Ke4 66. Ke1 Kf3 67. Kf1 e2+ 68. Ke1 Ke3 1/2-1/2

[Event "*** Titled Tuesday Blitz"]
[Site "Chess.com"]
[Date "2019.02.05"]
[Round "3"]
[White "Didici"]
[Black "cherryandmint"]
[Result "1/2-1/2"]
[WhiteElo "2559"]
[BlackElo "2619"]
[TimeControl "180+2"]
[EndTime "13:38:03 PST"]
[Termination "Game drawn - insufficient material"]

1. d4 d5 2. c4 e6 3. Nc3 Nf6 4. cxd5 Nxd5 5. e4 Nxc3 6. bxc3 c5 7. a3 cxd4 8. cxd4 e5 9. dxe5 Qxd1+ 10. Kxd1 Bc5 11.
Ke1 Nc6 12. Bb2 O-O 13. Bc4 Bd4 14. Bxd4 Nxd4 15. Kd2 Rd8 16. Kc3 Nc6 17. f4 Bg4 18. Nf3 Bxf3 19. gxf3 Rac8 20. Rac1 Nd4 21. Kb2 Kf8 22. Bd5 Ne2 23. Rxc8 Rxc8 24. f5 Nd4 25. f4 Ne2 26. Rf1 b6 27. e6 f6 28. e5 Nd4 29.
Rd1 Nxf5 30. Be4 Ne7 31. Bxh7 fxe5 32. fxe5 Nc6 33. Rd7 Nxe5 34. Rxa7 Re8 35. Bf5 g6 36. Bh3 Re7 37. Rxe7 Kxe7 38. Kc3 Nf3 39. Kb4 Nxh2 40. Kb5 g5 41. Kxb6 g4 42. Bg2 Nf3 43. a4 Ne5 44. Bd5 g3 45. Kc5 Nd3+ 46. Kc4 Nf4 47. Bf3 Nxe6 48.
a5 Nc7 49. Kc5 Kd7 50. Kb6 Kd6 51. Kb7 Kd7 52. Bg2 Kd6 53. Bh3 Ne6 54. Kb6 Nc5 55.
Bg2 Nd7+ 56. Kb5 Nc5 57. Bf3 Nb3 58. Bg2 Nxa5 59. Kxa5 Kc5 60. Ka4 Kd4 61. Ka3 Ke3 62.
Kb2 Kf2 63. Bc6 g2 64. Bxg2 1/2-1/2

[Event "*** Titled Tuesday Blitz"]
[Site "Chess.com"]
[Date "2019.02.05"]
[Round "3"]
[White "kacprekt"]
[Black "King_of_the_wing"]
[Result "1-0"]
[WhiteElo "2314"]
[BlackElo "2202"]
[TimeControl "180+2"]
[EndTime "13:38:04 PST"]
[Termination "kacprekt won on time"]

1. d4 e6 2. c4 f5 3. Nf3 Nf6 4. Bf4 d6 5. e3 Be7 6. Bd3 O-O 7. O-O c6 8. h3 Qc7 9. Nc3 h6 10. Bh2 a5 11. a3 Nbd7 12. Rc1 g6 13. b4 axb4 14.
axb4 e5 15. c5 e4 16. cxd6 Bxd6 17. Bc4+ Kh7 18. Bxd6 Qxd6 19. Nd2 Qxb4 20. Qc2 Qd6 21. Be2 Nb6 22. Qb3 Nbd5 23. Nc4 Qe6 24. Na4 Rxa4 25. Qxa4 b5 26. Qa3 b4 27. Qb3 f4 28. Ne5 Nc3 29. Bc4 Nfd5 30. Rxc3 bxc3 31. Bxd5 cxd5 32. Qxc3 f3 33. g4 h5 34. Qc7+ Kg8 35. Rc1 Ba6 36.
Rc6 Rc8 37. Rxe6 Rxc7 38. Rxg6+ Kh7 39. Rxa6 Rc1+ 40. Kh2 Rf1 41. Ra2 hxg4 42. hxg4 Kh6 43. Kg3 Kg5 44. Nf7+ Kf6 45. Nd8 Kg5 46. Ne6+ Kf6 47.
Nf4 Kg5 48. Nh3+ Kf6 49. Ra6+ Kf7 50. Rh6 Ra1 51. Kf4 Kg7 52. Rh5 Ra5 53. Ke5 Kg6 54.
Nf4+ Kg7 55. Nxd5 Ra2 56. Rh2 Kg6 57. Kxe4 Kg5 58. Kxf3 Ra7 59. Kg3 Ra6 60. f4+ Kg6 61. f5+ Kg7 62. g5 1-0

[Event "*** Titled Tuesday Blitz"]
[Site "Chess.com"]
[Date "2019.02.05"]
[Round "3"]
[White "Vadim_Biliy"]
[Black "salomez"]
[Result "0-1"]
[WhiteElo "2134"]
[BlackElo "2126"]
[TimeControl "180+2"]
[EndTime "13:38:05 PST"]
[Termination "salomez won by checkmate"]

1. e4 c5 2. Nf3 e6 3. c4 Nc6 4. Nc3 e5 5. d3 g6 6. h3 Bg7 7.
Be2 d6 8. O-O Nge7 9. Nd5 O-O 10.
Bg5 h6 11. Bxe7 Nxe7 12. Ne1 Nxd5 13. cxd5 Rb8 14. Nc2 b5 15. b4 f5 16. a4 a6 17.
axb5 axb5 18. Ra7 fxe4 19. dxe4 c4 20. Bg4 Bb7 21. Be6+ Kh7 22. h4 Qxh4 23. Qe2 Bf6 24. Na3 Bd8 25. g3 Qg5 26. Kg2 Bb6 27. Rxb7+ Rxb7 28.
Nxb5 Bd4 29. Nxd6 Rxb4 30. Nxc4 Rfb8 31. d6 Qd8 32. d7 Qe7 33. Qg4 Rf8 34. f4 h5 35. Rh1 exf4 36. Rxh5+ gxh5 37. Qxh5+ Kg7 38. Qg4+ Kh8 39. gxf4 Qg7 40. Kf3 Rb3+ 41. Ke2 Qxg4+ 42. Bxg4 Bf6 43. e5 Be7 44. f5 Rb4 45. Ne3 Ra8 46.
f6 Bd8 47. Be6 Ra3 48. Nd1 Re4+ 49. Kd2 Rxe5 50. Bc4 Bxf6 51. Nb2 Rh5 52. Nd3 Rh2+ 53. Ke3 Bd8 54. Ke4 Kg7 55. Nf4 Kf6 56. Nd5+ Ke6 57. Nb6+ Kd6 58. Bb5 Bxb6 59. Kf5 Rf2+ 60. Ke4 Re3# 0-1

[Event "*** Titled Tuesday Blitz"]
[Site "Chess.com"]
[Date "2019.02.05"]
[Round "3"]
[White "MrVezunchik"]
[Black "ElGasanov"]
[Result "0-1"]
[WhiteElo "2680"]
[BlackElo "2726"]
[TimeControl "180+2"]
[EndTime "13:38:09 PST"]
[Termination "ElGasanov won on time"]

1. c4 e5 2. Nc3 Nc6 3. Nf3 f5 4. g3 g6 5. d4 e4 6. d5 exf3 7. dxc6 dxc6 8. Qxd8+ Kxd8 9. exf3 Nf6 10. Bg5 Be7 11.
O-O-O+ Ke8 12. Bf4 Bc5 13. Bxc7 Kf7 14. Be5 Bxf2 15.
Rd6 Be6 16. Be2 Bc5 17. Rdd1 Rhe8 18. Bd4 Bxd4 19. Rxd4 Rad8 20. Rhd1 Rxd4 21. Rxd4 Nd7 22. f4 a5 23. b3 Nc5 24. Bf3 Bc8 25. Kd2 h6 26. h4 Rg8 27. Rd6 Ke7 28. Rd4 g5 29. fxg5 hxg5 30. hxg5 Rxg5 31. Ne2 a4 32. b4 Ne6 33. Rh4 Rg8 34. Ke3 Ng5 35. Bg2 Be6 36. Nd4 Bd7 37. b5 Nf7 38. Kf2 Ne5 39. bxc6 bxc6 40.
Rh7+ Kd6 41. Rh4 Rb8 42. Rh5 Rb2+ 43. Kg1 Rxa2 44. Nxf5+ Bxf5 45. Rxf5 a3 46. c5+ Ke6 47. Rf1 Rb2 48. Ra1 a2 49. Kh2 Nd3 50. Kh3 Nb4 51.
Be4 Ke5 52. Bh7 Kd4 53. g4 Kc3 54. Bg8 Rb1 55. Rxa2 Nxa2 56. Bxa2 Rg1 57. Kh4 Kd4 58. g5 Ke5 59. Bb3 Kf4 60. Bd5 cxd5 0-1

[Event "*** Titled Tuesday Blitz"]
[Site "Chess.com"]
[Date "2019.02.05"]
[Round "3"]
[White "iturrizaga"]
[Black "tigra"]
[Result "1-0"]
[WhiteElo "2804"]
[BlackElo "2752"]
[TimeControl "180+2"]
[EndTime "13:38:13 PST"]
[Termination "iturrizaga won by resignation"]

1. Nf3 Nf6 2. c4 g6 3. g3 Bg7 4.
Bg2 O-O 5. O-O d6 6. d4 Nc6 7.
Nc3 a6 8. Bf4 Bg4 9. d5 Na5 10.
Qd3 c5 11. dxc6 Nxc6 12. Rac1 Qa5 13. h3 Be6 14. b3 Rfc8 15. Bd2 Nd7 16. Rfd1 h6 17.
Qb1 Qh5 18. g4 Qa5 19. Nd5 Qd8 20. Nf4 Nf8 21. Be3 Qe8 22. Ne1 Nd8 23. Ned3 Bd7 24. Nd5 Rab8 25. Nb6 Rc7 26. Nd5 Rcc8 27. c5 dxc5 28.
Bxc5 Nc6 29. N3b4 Kh8 30. Nb6 Rd8 31. Nxd7 Rxd7 32. Nxc6 Rxd1+ 33. Rxd1 bxc6 34. Qe4 Ne6 35. Ba7 Rc8 36. Qc4 Rc7 37. Bb6 Rb7 38. Bxc6 Qb8 39. Bxb7 Qxb7 40. Be3 Be5 41. Qd5 Qc7 42. Qd7 Qc2 43.
Rc1 Qxe2 44. Qxe7 Kg7 45. Qb4 Qf3 46. Qa5 Bd6 47. Qc3+ Kh7 48. Bd2 Qb7 49. Qd3 Bc5 50.
Rxc5 Nxc5 51. Qe3 Ne4 52. Qxh6+ Kg8 53. Qe3 Qd5 54. Be1 Ng5 55. Bc3 Nf3+ 56. Kf1 Kh7 57. b4 Nh4 58. Qd4 Qg2+ 59. Ke2 Qf3+ 60. Kd2 Kh6 61.
Qh8+ Kg5 62. Qd8+ f6 63. Bxf6+ Qxf6 64. f4+ 1-0

[Event "*** Titled Tuesday Blitz"]
[Site "Chess.com"]
[Date "2019.02.05"]
[Round "3"]
[White "WhiteKnight2612"]
[Black "Farrukh_Amonatov"]
[Result "1-0"]
[WhiteElo "2561"]
[BlackElo "2804"]
[TimeControl "180+2"]
[EndTime "13:38:15 PST"]
[Termination "WhiteKnight2612 won by resignation"]

1. Nf3 Nf6 2. g3 g6 3. Bg2 Bg7 4. O-O O-O 5. d4 d6 6. c4 Nbd7 7. Nc3 e5 8. e3 c6 9. b3 Re8 10.
Bb2 a6 11. Rc1 Qe7 12. Ba3 Bf8 13. dxe5 Nxe5 14. Nxe5 Qxe5 15. Bb2 Bg4 16. Qd2 Qh5 17. Nd5 Nxd5 18. cxd5 c5 19. f3 Bd7 20. Qc3 Qe5 21. Qxe5 dxe5 22. e4 Bd6 23. f4 f6 24.
fxe5 fxe5 25. Rf6 Be7 26. Rb6 Bg5 27. Rc3 Rab8 28. h4 Bd2 29. Rd3 Ba5 30. Rd6 Bb5 31.
Rf3 Bc7 32. Rdf6 Rbd8 33. Bh3 Bd7 34. Kh2 Bxh3 35. Kxh3 Rd7 36. Rf2 Kg7 37. R6f3 Bd6 38. h5 b5 39. Rf6 gxh5 40. R6f5 h6 41. Rxh5 c4 42. bxc4 bxc4 43. Rhf5 Rb7 44. Bc3 Rbe7 45. Rb2 Rb8 46. Rc2 Rf8 47. Kg4 Rc8 48. Bd2 Kg6 49.
Bc3 Kh7 50. Rf6 Rd7 51. Rh2 Rg8+ 52. Kf5 Bf8 53. Bxe5 Rg5+ 54. Ke6 Re7+ 55. Kd6 Rexe5+ 56. Rxf8 Rxe4 57. Rf7+ Kg6 58. Rhf2 Rd4 59. R7f6+ Kh5 60. Rh2+ Kg4 61. Rh4+ Kxg3 62. Rxd4 h5 63. Rxc4 h4 64. Rh6 h3 65. Rc3+ 1-0

[Event "*** Titled Tuesday Blitz"]
[Site "Chess.com"]
[Date "2019.02.05"]
[Round "3"]
[White "LuisFSiles"]
[Black "Induwara_IM"]
[Result "1-0"]
[WhiteElo "2257"]
[BlackElo "2316"]
[TimeControl "180+2"]
[EndTime "13:38:16 PST"]
[Termination "LuisFSiles won by resignation"]

1. e4 Nf6 2. e5 Nd5 3. c4 Nb6 4. c5 Nd5 5. d4 d6 6. cxd6 cxd6 7. Nf3 Nc6 8. Bc4 e6 9. O-O Be7 10. Qe2 O-O 11. Bd2 b6 12. Nc3 Nxc3 13. bxc3 Bb7 14.
Bd3 dxe5 15. dxe5 Qc7 16. Rfe1 Rfd8 17. Rad1 Rxd3 18. Qxd3 Rd8 19. Qe4 Nd4 20. Qg4 Nxf3+ 21. gxf3 Qc6 22. Bh6 g6 23. Bg5 Qc7 24. Qh4 Re8 25.
Bxe7 Rxe7 26. Qf6 Bd5 27. Rd4 Qxc3 28. Red1 Qxf3 29. Rxd5 Qg4+ 30. Kf1 exd5 31. Rxd5 Qc4+ 32. Kg1 Qxd5 33. Qxe7 a5 34. h4 h5 35. a4 Qe6 36.
Qd8+ Kg7 37. Qd4 Kh7 38. Kg2 Qc6+ 39. Kg3 b5 40. axb5 Qxb5 41. Qf4 Qb3+ 42. f3 Qd5 43. Kh3 Kg8 44. Kg3 Qb3 45. Kg2 a4 46. e6 a3 47.
Qxf7+ Kh8 48. Qf8+ Kh7 49. Qf7+ Kh6 50. Qf8+ Kh7 51. e7 Qb2+ 52. Kh3 Qb1 53. e8=Q Qh1+ 54. Kg3 Qg1+ 55. Kf4 Qd4+ 56. Qe4 Qd2+ 57. Ke5 Qc3+ 58. Qd4 Qc7+ 59. Qfd6 Qa5+ 60. Ke6 Qf5+ 61. Ke7 a2 62. Q6f6 Qxf6+ 63. Qxf6 a1=Q 64. Qxa1 g5 65. Kf6 Kg8 66.
Qa7 1-0

[Event "*** Titled Tuesday Blitz"]
[Site "Chess.com"]
[Date "2019.02.05"]
[Round "3"]
[White "NeverEverForever1990"]
[Black "StoreySniper"]
[Result "0-1"]
[WhiteElo "2342"]
[BlackElo "2346"]
[TimeControl "180+2"]
[EndTime "13:38:18 PST"]
[Termination "StoreySniper won by checkmate"]

1. d4 e6 2. c4 d5 3. Nf3 Nf6 4.
g3 Bb4+ 5. Bd2 Qe7 6. Bg2 dxc4 7. O-O O-O 8. Qc2 Nc6 9. Qxc4 Rd8 10. Nc3 Bxc3 11. Bxc3 Ne4 12. Rac1 Bd7 13. Rfd1 Nxc3 14.
Qxc3 Rac8 15. a3 Qd6 16. e4 Ne7 17. Ne5 Be8 18. Nc4 Qa6 19. Qa5 Bb5 20. Qxa6 Bxa6 21.
Na5 b6 22. Nc6 Nxc6 23. Rxc6 Bb7 24. Rcc1 Rd7 25. d5 exd5 26. Bh3 Rcd8 27. Bxd7 Rxd7 28.
exd5 Bxd5 29. Rd2 Kf8 30. b4 a6 31. a4 Ke7 32. b5 axb5 33. axb5 Be6 34. Rxd7+ Kxd7 35. f4 Kd6 36. Kf2 Bd7 37. Rd1+ Ke6 38. Rb1 Kd6 39. Ke3 Kc5 40. Rc1+ Kd6 41. Rd1+ Ke6 42. Rb1 Kd5 43. Rb2 Bf5 44. Ra2 Kd6 45. Kd4 Bd7 46. Rb2 h6 47. Kc4 c6 48. bxc6 Kxc6 49. Re2 Kd6 50.
Kb4 g5 51. Re5 f6 52. Re1 Bc6 53. h4 g4 54. Rd1+ Ke6 55. Rd4 h5 56. Rc4 Kd5 57. Kc3 Bb5 58. Rd4+ Ke6 59. f5+ Ke5 60. Rd8 Bc6 61. Rh8 Kxf5 62. Rxh5+ Ke4 63. Rh6 Ke5 64. Rh8 f5 65. h5 f4 66. gxf4+ Kxf4 67. h6 Be4 68. Kd4 g3 69. Rf8+ Bf5 70. h7 g2 71.
h8=Q g1=Q+ 72. Kd5 Qc5# 0-1

[Event "*** Titled Tuesday Blitz"]
[Site "Chess.com"]
[Date "2019.02.05"]
[Round "3"]
[White "ori99"]
[Black "Morshynska"]
[Result "1-0"]
[WhiteElo "2018"]
[BlackElo "2080"]
[TimeControl "180+2"]
[EndTime "13:38:20 PST"]
[Termination "ori99 won by resignation"]

1. e4 e5 2. Nf3 Nc6 3. Bb5 a6 4.
Ba4 Nf6 5. O-O b5 6. Bb3 Bb7 7. d3 Be7 8. c3 O-O 9. Re1 h6 10. Nbd2 Re8 11. Nf1 Bf8 12. Nh4 Na5 13. Nf5 Nxb3 14.
axb3 d5 15. Qf3 Re6 16. N1g3 Kh7 17. exd5 Bxd5 18. Ne4 Bxb3 19. g4 Nxe4 20. dxe4 Qd7 21. g5 hxg5 22. Bxg5 Rg6 23. Qh5+ Kg8 24. Kh1 Re8 25.
Re3 Ree6 26. Rh3 Rh6 27. Bxh6 gxh6 28. Rg1+ Kh7 29. Qf3 Rg6 30. Rxg6 fxg6 31. Ne3 Bg7 32. Rg3 Bf7 33. Qg4 Qxg4 34. Nxg4 a5 35. Rd3 Be6 36. Ne3 a4 37. Nd5 c6 38. Ne7 Bc4 39. Rd2 c5 40. Nc6 Bf6 41. Rd7+ Kg8 42. Rc7 Bg5 43.
Na7 Bc1 44. Rxc5 Bxb2 45. Nxb5 a3 46. Nxa3 Bxa3 47. Rxc4 Bb2 48. Rc6 Kf7 49. Kg2 h5 50. Kf3 g5 51. Ke2 g4 52. Kd3 Ba3 53. Rh6 Bc5 54. Rxh5 Bxf2 55. Rxe5 Bg1 56. Rg5 Bxh2 57. Rxg4 Kf6 58. Rg2 Be5 59. Rd2 Ke6 60. Kc2 Bf4 61.
Rd5 Be3 62. c4 1-0

[Event "*** Titled Tuesday Blitz"]
[Site "Chess.com"]
[Date "2019.02.05"]
[Round "3"]
[White "FearNoEvil12"]
[Black "Andrew-FB00"]
[Result "0-1"]
[WhiteElo "1940"]
[BlackElo "1879"]
[TimeControl "180+2"]
[EndTime "13:38:27 PST"]
[Termination "Andrew-FB00 won by resignation"]

1. e4 e5 2. d4 exd4 3. Bc4 Nc6 4. Nf3 d6 5. Nxd4 Nxd4 6. Qxd4 Qf6 7. Qd3 Be6 8. Nc3 Ne7 9. O-O Nc6 10. Bd5 Bxd5 11.
Nxd5 Qd8 12. f4 Be7 13. Bd2 O-O 14. Rae1 Rc8 15. Bc3 f6 16. Qg3 Kh8 17. f5 Ne5 18.
Nf4 Qd7 19. Re3 c6 20. Qh4 d5 21. Rh3 h6 22. Ne6 Rf7 23. Qh5 dxe4 24. Qxf7 Bc5+ 25. Nxc5 Qxf7 26. Ne6 b5 27. Rg3 Rg8 28. Nf4 c5 29.
Bxe5 fxe5 30. Ng6+ Kh7 31. Nxe5 Qf6 32. Ng4 Qxb2 33.
f6 Qd4+ 34. Kh1 g5 35. f7 Rf8 36. h4 Kg7 37. hxg5 hxg5 38. Nh2 Rxf7 39. Rxg5+ Kf8 40. Rxf7+ Kxf7 41. Ng4 Qd1+ 42. Kh2 Qd2 43. Rf5+ Ke6 44. Re5+ Kd6 45. Rxe4 Qxc2 46. Nf6 Qxa2 47. Ne8+ Kd7 48. Nf6+ Kd8 49. Re8+ Kc7 50. Re7+ Kd6 51. Rb7 Ke6 52.
Ng4 c4 53. Ne3 Qe2 54. Rb8 Qh5+ 55. Kg1 Qc5 56. Kf2 c3 57. Re8+ Kd7 58. Rh8 c2 59.
Rh7+ Ke6 60. Rh6+ Kf7 61. Rh3 c1=Q 62. Rf3+ Ke8 63. Kg3 Q5xe3 64. Rxe3+ Qxe3+ 65. Kh2 b4 0-1

[Event "*** Titled Tuesday Blitz"]
[Site "Chess.com"]
[Date "2019.02.05"]
[Round "3"]
[White "PotapovaM"]
[Black "Agent-JL"]
[Result "1-0"]
[WhiteElo "2443"]
[BlackElo "2243"]
[TimeControl "180+2"]
[EndTime "13:38:29 PST"]
[Termination "PotapovaM won by resignation"]

1. d4 Nf6 2. c4 e6 3. Nf3 Bb4+ 4. Nbd2 b6 5. a3 Bxd2+ 6. Bxd2 Bb7 7. e3 d6 8. Bd3 Nbd7 9. Qc2 O-O 10. Bc3 Qe7 11.
O-O e5 12. Be2 a5 13. Rad1 e4 14. Nd2 d5 15. cxd5 Bxd5 16. Nc4 Ne8 17. Ne5 Nxe5 18. dxe5 c6 19. b4 a4 20. b5 Bb3 21. Qb2 c5 22. Rd2 Nc7 23. Rd6 Rab8 24. Qb1 f5 25.
Ba1 Rfd8 26. Qb2 Ne8 27. Rc6 Bd5 28. h3 Bxc6 29. bxc6 b5 30. Bxb5 Nc7 31. Bc4+ Kh8 32. Qc2 Ra8 33. Qc3 Nd5 34. Qc2 Nc7 35. g3 Qe8 36.
Qc3 Qxc6 37. e6 Rg8 38. e7 Qd7 39. Bxg8 Rxg8 40. Qe5 Nd5 41. Rd1 Qxe7 42. Qxd5 Qg5 43. Qe5 h5 44. Qf4 Qxf4 45. gxf4 Kh7 46. Be5 Rc8 47. Rc1 c4 48. Rc3 Kg6 49. Kf1 Kf7 50. Bd6 Ke6 51. Bb4 g6 52. Ke2 Kd5 53. Rc1 Rg8 54.
Rd1+ Kc6 55. Rg1 Kd5 56. Kd2 Rg7 57. Kc3 Rg8 58. Rd1+ Kc6 59. Kxc4 g5 60. Rg1 g4 61. hxg4 fxg4 62. Rh1 Rh8 63. Be7 Rh7 64. Bh4 Rb7 65. f5 Rf7 66. f6 Kd6 67. Rd1+ Ke6 68. Rd4 Kf5 69. Rd5+ Kg6 70. Re5 Rxf6 71. Bxf6 Kxf6 72. Rxh5 1-0

[Event "*** Titled Tuesday Blitz"]
[Site "Chess.com"]
[Date "2019.02.05"]
[Round "3"]
[White "rasmussvane"]
[Black "TheBigBoss04"]
[Result "1-0"]
[WhiteElo "2740"]
[BlackElo "2537"]
[TimeControl "180+2"]
[EndTime "13:38:36 PST"]
[Termination "rasmussvane won by resignation"]

1. Nf3 d5 2. d4 Nf6 3. c4 e6 4. g3 Bb4+ 5. Bd2 Bd6 6. Bg2 c6 7.
O-O Ne4 8. Nc3 Nxd2 9. Nxd2 f5 10.
e3 O-O 11. Rb1 Nd7 12. b4 Nf6 13. b5 Bd7 14. a4 Ne4 15. Qc2 Qf6 16. c5 Bc7 17. bxc6 Bxc6 18. Nb5 Rf7 19. Nxc7 Rxc7 20. Nf3 Rac8 21. Ne5 Qe7 22. Rb2 Qe8 23. Ra1 Nf6 24. Bf1 Nd7 25. Nxc6 bxc6 26. Rab1 Nf6 27. a5 Qe7 28.
Ba6 Rd8 29. Rb7 Rdd7 30. Rxc7 Rxc7 31. Rb8+ Kf7 32. Qb1 e5 33. Qxf5 exd4 34. exd4 Qe1+ 35. Kg2 Qxa5 36. Be2 Re7 37. Bf3 Qc3 38. Qf4 a5 39.
Rb6 Re6 40. Rb7+ Re7 41. Rb6 Re6 42. Qc7+ Kg6 43. Qc8 Kf7 44. Rb7+ Re7 45. Rxe7+ Kxe7 46. Qxc6 Qxd4 47. Qd6+ Kf7 48. c6 Ne4 49. Qf4+ Ke7 50. Qc7+ Kf6 51. Qd8+ Kf7 52. Qd7+ Kf6 53. Qd8+ Kf7 54.
Qc7+ Kf6 55. Qf4+ Ke7 56. Bg4 Qc5 57. c7 Nd6 58. Qe5+ Kf7 59. Qe6+ Kf8 60. c8=Q+ Nxc8 61. Qxc8+ Qxc8 62. Bxc8 Ke7 63. Ba6 a4 64. Bd3 a3 65.
Bb1 Kd6 66. Kf3 Kc5 67. Ke3 Kc4 68. Ba2+ Kc5 69. f4 g6 70. g4 h6 71. h3 g5 72.
f5 Kc6 73. Kd4 Kd6 74. Bxd5 Ke7 75. Ke5 Kf8 76. Kf6 1-0

[Event "*** Titled Tuesday Blitz"]
[Site "Chess.com"]
[Date "2019.02.05"]
[Round "3"]
[White "Alekseyviktorovich"]
[Black "MathiasWomacka"]
[Result "1/2-1/2"]
[WhiteElo "2310"]
[BlackElo "2228"]
[TimeControl "180+2"]
[EndTime "13:38:48 PST"]
[Termination "Game drawn by agreement"]

1. e4 c5 2. Nf3 d6 3. Bb5+ Nd7 4.
d4 cxd4 5. Qxd4 a6 6. Bxd7+ Bxd7 7. c4 Rc8 8. Nc3 e5 9. Qd3 Qc7 10. b3 b5 11. Nd5 Qc6 12. Nd2 Nf6 13. Nxf6+ gxf6 14. O-O Rg8 15. cxb5 axb5 16. a4 f5 17.
axb5 Qxb5 18. Qxb5 Bxb5 19. Re1 fxe4 20. Nxe4 Be7 21.
Ba3 d5 22. Nd6+ Bxd6 23. Bxd6 f6 24. Ra7 Rd8 25. Re7+ Kf8 26. Bb4 Rg4 27. Ba3 Kg8 28. Ra7 Rg7 29. Rxg7+ Kxg7 30. Rc1 d4 31. Bb4 Rd7 32.
f3 f5 33. Rc5 Ba6 34. Rxe5 d3 35. Bd2 Rc7 36. Kf2 Rc2 37. Ke3 Kf6 38. Ra5 Bb7 39.
Kxd3 Rc8 40. Bc3+ Kg6 41. b4 Rd8+ 42. Bd4 Ra8 43. Rxa8 Bxa8 44. Be5 Kf7 45. Ke3 Ke6 46.
Bb8 Bc6 47. h3 h5 48. Kf4 Bb5 49. Ba7 Bf1 50. Kg3 Kd5 51. h4 Ke6 52. Bc5 Kd5 53.
Kf2 Bb5 54. Ke3 Bf1 55. g3 Ke6 56. Kd4 Be2 57. f4 Bb5 58. Bf8 Bf1 59. Kc5 Bg2 60. Bd6 Bf3 61. Be5 Bg2 62. Kb6 Kd7 63. b5 Bf3 64.
Kc5 Bg2 65. b6 Bf3 66. Bc7 Bg2 67. Kd4 Ke6 68. Kc5 Kd7 69. Be5 Bf3 70. Bd4 Bg2 71. Kb5 Bb7 72. Kc5 Bf3 1/2-1/2

[Event "*** Titled Tuesday Blitz"]
[Site "Chess.com"]
[Date "2019.02.05"]
[Round "3"]
[White "tioloko"]
[Black "RaphaeI"]
[Result "1/2-1/2"]
[WhiteElo "2566"]
[BlackElo "2587"]
[TimeControl "180+2"]
[EndTime "13:38:56 PST"]
[Termination "Game drawn by agreement"]

1. Nf3 Nf6 2. g3 g6 3. Bg2 Bg7 4. O-O O-O 5. c4 d6 6. Nc3 Nc6 7. d4 Rb8 8. Re1 a6 9. Rb1 e5 10. d5 Nd4 11. e3 Nxf3+ 12. Bxf3 Bh3 13. e4 Nd7 14. Bg4 Bxg4 15. Qxg4 f5 16. exf5 gxf5 17. Qh5 e4 18. Bf4 Nc5 19. Bg5 Qd7 20. Re2 Rbe8 21.
Nd1 Nd3 22. Ne3 f4 23. gxf4 Nxf4 24. Bxf4 Rxf4 25. Kh1 Ref8 26. Rg1 Qe7 27. Ng4 Kh8 28.
Rg2 Rf3 29. Ne3 Bd4 30. Qg4 R3f4 31. Qg3 Qf6 32. Ng4 Qg5 33. Ne3 Qh6 34. Re1 Be5 35.
Reg1 Qg6 36. Qxg6 hxg6 37. Rxg6 Kh7 38. R6g4 Rxg4 39. Nxg4 Bxb2 40. Re1 Rf4 41. h3 Bd4 42. Kg2 Kg6 43. Rd1 Bc5 44. Re1 b5 45. cxb5 axb5 46. Rb1 b4 47. Rb3 Kf5 48. Rg3 Bd4 49. Rb3 Bc5 50. Rg3 Bd4 51. a3 bxa3 52. Rxa3 Bb6 53. Rc3 Kg5 54. Rc4 Rf5 55. Rxe4 Rxd5 56. Kg3 Rd3+ 57.
f3 Rd1 58. h4+ Kf5 59. Rf4+ Ke6 60. Rf6+ Ke7 61. Rg6 Rg1+ 62. Kf4 Bd4 63. h5 c5 64. h6 c4 65. h7 Rh1 66. Nh6 c3 67. Nf5+ Kf7 68. Rxd6 c2 69. Rc6 c1=Q+ 70. Rxc1 Rxc1 71. Nxd4 Kg7 72. Ke5 Kxh7 73. f4 Kg6 74. f5+ Kg5 75.
Ne6+ Kh6 76. Kf6 Rc6 77. Kf7 1/2-1/2